[Event "26th Troya Open 2018"]
[Site "Canakkale"]
[Date "2018.08.08"]
[Round "5.19"]
[White "Ulupinar, Furkan"]
[Black "Gurses, Ayberk"]
[Result "1/2-1/2"]
[ECO "B30"]
[WhiteElo "1412"]
[BlackElo "1660"]
[Annotator "NA"]
[PlyCount "76"]
[EventDate "2018.08.06"]
[EventType "swiss"]
[EventCountry "TUR"]
[SourceTitle "playchess.com"]
[Source "ChessBase"]
[SourceQuality "1"]
[TimeControl "5400+30"]

1. e4 c5 2. Nf3 d6 3. c4 e5 4. Nc3 Nc6 5. Be2 f5 6. d3 g6 7. h4 h6 8. Bd2 Be6 9. Qc1 Bg7 10. Nd5 Nf6 11. Nxf6+ Qxf6 12. Rb1 f4 13. b4 b6 14. b5 Ne7 15. h5 g5 16. Nh2 Qf7 17. Qd1 Ng8 18. Ng4 Qd7 19. a4 Nf6 20. f3 O-O 21. a5 Bf7 22. Nxf6+ Bxf6 23. Kf2 Qe8 24. Rh3 Bxh5 25. Qh1 Bg6 26. Rxh6 Kg7 27. Qh2 Kg8 28. Qh1 Kg7 29. Qh2 Qd8 30. Rh1 Rh8 31. Rxh8 Qxh8 32. Qxh8+ Rxh8 33. Ra1 Bd8 34. axb6 axb6 35. Ra7+ Kf6 36. Bf1 Ke6 37. g3 Rh2+ 38. Bg2 Rh7 1/2-1/2

[Event "26th Troya Open 2018"]
[Site "Canakkale"]
[Date "2018.08.09"]
[Round "6.2"]
[White "Arat, Ufuk Sezen"]
[Black "Eminov, Orkhan"]
[Result "0-1"]
[ECO "E63"]
[WhiteElo "2386"]
[BlackElo "2272"]
[Annotator "NA"]
[PlyCount "83"]
[EventDate "2018.08.06"]
[EventType "swiss"]
[EventCountry "TUR"]
[SourceTitle "playchess.com"]
[Source "ChessBase"]
[SourceQuality "1"]
[TimeControl "5400+30"]

1. d4 Nf6 2. Nf3 g6 3. c4 Bg7 4. g3 O-O 5. Bg2 d6 6. O-O Nc6 ({Predecessor:} 6... c6 $146 7. Nc3 Bf5 8. Nd2 e5 9. d5 Qc8 10. e4 Bg4 11. f3 Bd7 12. Nb3 a5 13. a4 Na6 14. Be3 Nb4 15. Rf2 Qd8 16. dxc6 Bxc6 {0-1 (40) Ding,L (2791)-Caruana,F (2822) Stavanger 2018}) 7. Nc3 a6 8. Qd3 Bf5 9. e4 Bg4 10. Be3 Nd7 11. h3 Bxf3 12. Bxf3 e5 13. d5 Nd4 14. Bg2 c5 15. dxc6 Nc5 16. Qd2 bxc6 17. f4 f5 18. exf5 gxf5 19. Ne2 Nxe2+ 20. Qxe2 e4 21. Bxc5 dxc5 22. Rad1 Bd4+ 23. Kh1 Qf6 24. g4 Kh8 25. g5 Qg7 26. b3 a5 27. h4 a4 28. Rb1 axb3 29. Rxb3 Qc7 30. Bh3 Rab8 31. Rxb8 Qxb8 32. h5 Qa7 33. Rb1 Qc7 34. Rf1 Qf7 35. Rb1 Qc7 36. Qh2 e3 37. h6 Qe7 38. Re1 Bc3 39. Re2 Qe6 40. Qg3 Bd4 41. Bg2 Qxc4 42. Rxe3 0-1

[Event "26th Troya Open 2018"]
[Site "Canakkale"]
[Date "2018.08.09"]
[Round "6.4"]
[White "Kirilmaz, Emre"]
[Black "Mgeladze, Tamaz"]
[Result "1/2-1/2"]
[ECO "A48"]
[WhiteElo "1895"]
[BlackElo "2400"]
[Annotator "NA"]
[PlyCount "60"]
[EventDate "2018.08.06"]
[EventType "swiss"]
[EventCountry "TUR"]
[SourceTitle "playchess.com"]
[Source "ChessBase"]
[SourceQuality "1"]
[TimeControl "5400+30"]

1. d4 Nf6 2. c3 g6 3. Bg5 Bg7 4. Nd2 O-O 5. e4 d6 6. Ngf3 c5 7. dxc5 dxc5 8. Bc4 Nc6 9. O-O Qc7 10. Bh4 Nh5 11. Re1 h6 12. Bb3 b5 13. Qe2 c4 14. Bc2 Bb7 15. e5 Nf4 16. Qe3 Ne6 $16 17. Bg3 Rfd8 18. h4 Qb6 19. Qe2 Nb8 20. h5 g5 21. Nf1 Nd7 22. Ne3 Ndc5 23. Nf5 Nd3 24. Bxd3 cxd3 25. Qe3 d2 26. Red1 Qxe3 27. fxe3 Kf8 28. Nxd2 Nc5 29. Nd4 Nd3 30. Rf1 Kg8 1/2-1/2

[Event "26th Troya Open 2018"]
[Site "Canakkale"]
[Date "2018.08.09"]
[Round "6.6"]
[White "Lomsadze, Davit"]
[Black "Aliyev, Elnur"]
[Result "1/2-1/2"]
[ECO "A07"]
[WhiteElo "2352"]
[BlackElo "2190"]
[Annotator "NA"]
[PlyCount "116"]
[EventDate "2018.08.06"]
[EventType "swiss"]
[EventCountry "TUR"]
[SourceTitle "playchess.com"]
[Source "ChessBase"]
[SourceQuality "1"]
[TimeControl "5400+30"]

1. Nf3 (1. g3 Nf6 2. Bg2 d5 3. Nf3 c6 4. d3 Bf5 5. Nh4 Bg4 6. h3 {A07: Réti Opening: New York and Capablanca Systems} Bc8 {LiveBook: 5 Games} (6... Bh5 7. g4 Bg6 8. e3 e6 9. Qe2 Bb4+ 10. Nd2 Nbd7 11. O-O Ng8 12. Nxg6 hxg6 13. f4 {1-0 (35) Kramnik,V (2760)-Tomashevsky,E (2714) Sochi 2014}) 7. Nd2 e5 8. e4 {Predecessor:} Be6 $146 9. Qe2 Nbd7 10. exd5 Bxd5 11. Ndf3 Qc7 12. O-O O-O-O 13. c4 Bxf3 14. Nxf3 {½-½ (40) Stefanova,A (2517)-Kosteniuk,A (2541) Beijing 2014}) 1... d5 2. g3 Nc6 3. Bg2 Bf5 4. c4 e6 5. b3 Nb4 6. Na3 c6 7. O-O Be7 8. Bb2 Bf6 9. Qc1 Bxb2 10. Qxb2 Qf6 11. Qc3 Qxc3 12. dxc3 Nc2 13. Nxc2 Bxc2 14. cxd5 exd5 15. Nd4 Bg6 16. c4 Nf6 17. cxd5 O-O-O 18. e3 Nxd5 19. Rfc1 Rhe8 20. a3 Nc7 21. b4 Kb8 22. a4 Be4 23. Bxe4 Rxe4 24. Rc4 Ree8 25. b5 cxb5 26. axb5 Ne6 27. Nxe6 Rxe6 28. Rca4 Rd5 29. Rxa7 Rxb5 30. Ra8+ Kc7 31. Rf8 Rf6 32. Ra2 Kd7 33. Rc2 Ke7 34. Rb8 Rd6 35. Kg2 Rd8 36. Rc7+ Rd7 37. Rc4 Rd2 38. Re4+ Kf6 39. Rf4+ Kg6 40. Rg8 h5 41. Rf8 Rd7 42. h4 Rf5 43. Kf3 Rxf4+ 44. Kxf4 Rd6 45. e4 Rb6 46. Rh8 Rb2 47. f3 Rb1 48. Rd8 Kf6 49. Rd6+ Ke7 50. Rd5 g6 51. g4 hxg4 52. fxg4 Kf6 53. e5+ Kg7 54. Rd4 b5 55. h5 gxh5 56. gxh5 b4 57. Ke3 Re1+ 58. Kf2 Rxe5 1/2-1/2

[Event "26th Troya Open 2018"]
[Site "Canakkale"]
[Date "2018.08.09"]
[Round "6.8"]
[White "Semiev, Suhrab"]
[Black "Soyunlu, Narmin"]
[Result "1/2-1/2"]
[ECO "A08"]
[WhiteElo "2285"]
[BlackElo "2061"]
[Annotator "NA"]
[PlyCount "129"]
[EventDate "2018.08.06"]
[EventType "swiss"]
[EventCountry "TUR"]
[SourceTitle "playchess.com"]
[Source "ChessBase"]
[SourceQuality "1"]
[TimeControl "5400+30"]

1. g3 d5 2. Bg2 Nf6 3. d3 c5 4. Nf3 Nc6 5. Nbd2 g6 6. c4 d4 7. O-O Bg7 8. a3 O-O 9. Ne1 a5 10. Nc2 Qc7 11. Rb1 Bd7 12. b4 axb4 13. axb4 Nxb4 14. Nxb4 cxb4 15. Rxb4 Bc6 16. Bb2 e5 17. Qc2 Bxg2 18. Kxg2 Nd7 19. Nf3 Nc5 20. Bc1 f5 21. Rb5 e4 22. Nd2 exd3 23. exd3 Rfe8 24. Nb3 Na4 25. Bd2 Re2 26. Nc1 Qc6+ 27. Kg1 Nc3 28. Rd5 Rxf2 29. Rxf2 Nxd5 30. Qb1 Ne3 31. Ne2 Ra4 32. Nc1 g5 33. Qb3 f4 34. c5+ Kh8 35. Qf7 Ra8 36. Qe7 Ng4 37. Rf1 f3 38. Qe4 f2+ 39. Kh1 Qxe4+ 40. dxe4 Rf8 41. Bxg5 Ne3 42. Bxe3 dxe3 43. Ne2 Rc8 44. Rd1 Be5 45. Kg2 Rxc5 46. Kf3 b5 47. Kxe3 b4 48. Kxf2 b3 49. Rb1 b2 50. Ke3 Ra5 51. Kd2 Ra4 52. Kd3 Ra3+ 53. Kd2 Rf3 54. h4 Kg8 55. Kc2 Re3 56. Nf4 Rxe4 57. Nd3 Rc4+ 58. Kd2 Bxg3 59. Nxb2 Rxh4 60. Rg1 Rg4 61. Ke2 Rg7 62. Kf3 Be5 63. Rxg7+ Kxg7 64. Nd3 Bd6 65. Ke4 1/2-1/2

[Event "26th Troya Open 2018"]
[Site "Canakkale"]
[Date "2018.08.09"]
[Round "6.11"]
[White "Yildizak, Goksel"]
[Black "Abdulla, Khayala"]
[Result "0-1"]
[ECO "A30"]
[WhiteElo "1910"]
[BlackElo "2245"]
[Annotator "NA"]
[PlyCount "98"]
[EventDate "2018.08.06"]
[EventType "swiss"]
[EventCountry "TUR"]
[SourceTitle "playchess.com"]
[Source "ChessBase"]
[SourceQuality "1"]
[TimeControl "5400+30"]

1. d4 Nf6 2. Nf3 e6 3. g3 b6 4. Bg2 Bb7 5. O-O c5 6. c4 cxd4 7. Nxd4 Bxg2 8. Kxg2 Be7 9. Nc3 O-O 10. b3 a6 11. e4 d6 12. Be3 Qc7 13. Rc1 Nbd7 14. Qe2 Rac8 $14 15. Rfd1 Rfe8 16. f3 Qb7 17. Qf2 Ne5 18. h3 h5 19. Kg1 Ng6 20. Qg2 d5 21. cxd5 exd5 22. Nxd5 Nxd5 23. Rxc8 Rxc8 24. exd5 Qxd5 25. f4 Qd7 26. Rd2 Bb4 27. Rc2 Bc5 28. Bf2 h4 29. Kh2 hxg3+ 30. Qxg3 Rd8 31. Ne2 Qd1 32. Rb2 Qa1 33. Rc2 Rd1 34. Ng1 Bd6 35. Qg4 Bxf4+ 36. Kg2 Rd6 37. Nf3 Qf6 38. Rc8+ Rd8 39. Bd4 Qd6 40. Rxd8+ Qxd8 41. h4 Bh6 42. Kf2 Nf4 43. Qf5 Ne6 44. Bc3 b5 45. Ne5 Qxh4+ 46. Ke2 Qh2+ 47. Ke1 Qg1+ 48. Ke2 Nf4+ 49. Kf3 Qf1+ 0-1

[Event "26th Troya Open 2018"]
[Site "Canakkale"]
[Date "2018.08.09"]
[Round "6.16"]
[White "Koc, Azra Ece"]
[Black "Kurt, Emre"]
[Result "1/2-1/2"]
[ECO "E91"]
[WhiteElo "1592"]
[BlackElo "1642"]
[Annotator "NA"]
[PlyCount "49"]
[EventDate "2018.08.06"]
[EventType "swiss"]
[EventCountry "TUR"]
[SourceTitle "playchess.com"]
[Source "ChessBase"]
[SourceQuality "1"]
[TimeControl "5400+30"]

1. d4 Nf6 2. Nf3 d6 3. c4 g6 4. Nc3 Bg7 5. e4 Nbd7 6. h3 O-O 7. Be3 e5 8. Be2 a5 9. O-O Re8 10. Qc2 exd4 11. Bxd4 Nh5 12. Nd5 Bxd4 13. Nxd4 Nhf6 14. Nb5 Nxd5 15. cxd5 Nc5 16. Nc3 f5 17. Bb5 Re7 18. exf5 Bxf5 19. Qd2 Bd7 20. Bxd7 Qxd7 21. Rfe1 Rae8 22. Re3 Rxe3 23. fxe3 b6 24. Rf1 Qe7 25. Rf3 1/2-1/2

[Event "26th Troya Open 2018"]
[Site "Canakkale"]
[Date "2018.08.09"]
[Round "6.17"]
[White "Buyukbozkoyun, Baran"]
[Black "Erke, Mustafa Yigit"]
[Result "0-1"]
[ECO "C77"]
[WhiteElo "1582"]
[BlackElo "1599"]
[Annotator "NA"]
[PlyCount "84"]
[EventDate "2018.08.06"]
[EventType "swiss"]
[EventCountry "TUR"]
[SourceTitle "playchess.com"]
[Source "ChessBase"]
[SourceQuality "1"]
[TimeControl "5400+30"]

1. e4 e5 2. Nf3 Nc6 3. Bb5 a6 4. Ba4 Nf6 5. d3 Bc5 6. Nc3 O-O 7. Bg5 h6 8. Bh4 d6 9. h3 g5 10. Bg3 Nh5 11. Bh2 g4 12. hxg4 Bxg4 13. Bxc6 bxc6 14. Qd2 Qf6 15. O-O-O Kh7 16. Bg3 Bxf3 17. gxf3 Qxf3 18. Rh4 Be3 19. Qxe3 Qxe3+ 20. fxe3 Nxg3 21. Rg1 Rg8 22. Rh3 Rg6 23. Rhxg3 Rag8 24. Ne2 h5 25. Kd1 h4 26. Rxg6 fxg6 27. Ke1 g5 28. Kf2 Kh6 29. Kg2 Rf8 30. c4 g4 31. Re1 Rf3 32. Ng1 h3+ 33. Kh1 Rf2 34. Ne2 Rg2 35. Nc3 g3 36. Ne2 Kg5 37. Nxg3 Rxg3 38. Rg1 Rxg1+ 39. Kxg1 Kg4 40. b4 c5 41. b5 a5 42. d4 Kf3 0-1

[Event "26th Troya Open 2018"]
[Site "Canakkale"]
[Date "2018.08.09"]
[Round "6.18"]
[White "Erdem, Berkin"]
[Black "Istekli, Erdem"]
[Result "1/2-1/2"]
[ECO "D35"]
[WhiteElo "1614"]
[BlackElo "1713"]
[Annotator "NA"]
[PlyCount "45"]
[EventDate "2018.08.06"]
[EventType "swiss"]
[EventCountry "TUR"]
[SourceTitle "playchess.com"]
[Source "ChessBase"]
[SourceQuality "1"]
[TimeControl "5400+30"]

1. c4 e6 2. Nc3 d5 3. d4 c6 4. Bf4 Bd6 5. Bxd6 Qxd6 6. e3 Nf6 7. Nf3 O-O 8. Bd3 Nbd7 9. cxd5 exd5 10. Rc1 Re8 11. Qc2 Nf8 12. Ne2 Ng6 13. Bxg6 hxg6 14. Ne5 Ng4 15. Nxg4 Bxg4 16. Ng3 Qb4+ 17. Qd2 a5 18. a3 Qxd2+ 19. Kxd2 Bf5 20. Ne2 g5 21. Rc3 g4 22. Ng3 Be4 23. Nxe4 1/2-1/2

[Event "26th Troya Open 2018"]
[Site "Canakkale"]
[Date "2018.08.09"]
[Round "6.19"]
[White "Uysal, Ugur"]
[Black "Ulupinar, Furkan"]
[Result "1/2-1/2"]
[ECO "E60"]
[WhiteElo "1689"]
[BlackElo "1412"]
[Annotator "NA"]
[PlyCount "67"]
[EventDate "2018.08.06"]
[EventType "swiss"]
[EventCountry "TUR"]
[SourceTitle "playchess.com"]
[Source "ChessBase"]
[SourceQuality "1"]
[TimeControl "5400+30"]

1. Nf3 c5 2. c4 Nc6 3. d4 cxd4 4. Nxd4 Nf6 5. g3 g6 6. Bg2 Bg7 7. Nb3 d6 8. O-O O-O 9. Nc3 Be6 10. c5 d5 11. Bg5 Rc8 12. Rc1 h6 13. Bxf6 Bxf6 14. Qd2 d4 15. Ne4 Bg7 16. f4 a5 17. Qd1 Nb4 18. a3 Nd5 19. Nxd4 Nxf4 20. Nxe6 Nxe6 21. b4 Bb2 22. Qxd8 Rfxd8 23. Rb1 Bxa3 24. bxa5 Nxc5 25. Nxc5 Rxc5 26. Bxb7 Rxa5 27. Rbd1 Rxd1 28. Rxd1 Rb5 29. Bc6 Rb2 30. Bf3 Kg7 31. Kg2 h5 32. Rd3 Bc5 33. Rd5 Be3 34. Re5 1/2-1/2

[Event "26th Troya Open 2018"]
[Site "Canakkale"]
[Date "2018.08.09"]
[Round "6.20"]
[White "Gurses, Ayberk"]
[Black "Celik, Meric"]
[Result "1/2-1/2"]
[ECO "B45"]
[WhiteElo "1660"]
[BlackElo "1471"]
[Annotator "NA"]
[PlyCount "145"]
[EventDate "2018.08.06"]
[EventType "swiss"]
[EventCountry "TUR"]
[SourceTitle "playchess.com"]
[Source "ChessBase"]
[SourceQuality "1"]
[TimeControl "5400+30"]

1. e4 c5 2. Nf3 e6 3. d4 cxd4 4. Nxd4 Nf6 5. Nc3 Nc6 6. Ndb5 Bb4 7. a3 Bxc3+ 8. Nxc3 d5 9. exd5 Nxd5 10. Ne4 O-O 11. Bd3 f5 12. Ng3 Qf6 13. O-O Nb6 14. Nh5 Qf7 15. b4 g6 16. Ng3 e5 17. f3 Qd5 18. Re1 f4 19. Ne2 Rd8 20. Kh1 Bf5 21. Nc3 Qd4 22. Bb2 Bxd3 23. cxd3 Qxd3 24. Qxd3 Rxd3 25. Ne4 Na4 26. Bc1 Rad8 27. Kg1 Nd4 28. Nf2 Nc2 29. Nxd3 Rxd3 30. Bxf4 exf4 31. Red1 Rxd1+ 32. Rxd1 Nb6 33. Rd8+ Kg7 34. Rb8 Nxa3 35. Rxb7+ Kh6 36. Rxa7 Nac4 37. g4 g5 38. Rc7 Ne5 39. Kg2 Kg6 40. Re7 Nbd7 41. b5 h5 42. gxh5+ Kxh5 43. b6 Kg6 44. b7 Kf6 45. Rh7 Kg6 46. Rh8 Nc6 47. Rc8 Ncb8 48. h3 Kf5 49. Kf2 Ke5 50. Ke2 Na6 51. Rd8 Nab8 52. Kd2 Kf6 53. Kc3 Ke6 54. Rg8 Kf6 55. Kc4 Nc6 56. Rh8 Na5+ 57. Kd5 Nxb7 58. Kc6 Nbc5 59. Rh6+ Kf5 60. Rd6 Ke5 61. Rd5+ Kf6 62. Kd6 Kg6 63. Ke7 Kh5 64. Rf5 Kh4 65. Kd6 Kg3 66. Rxg5+ Kxf3 67. Rg7 Ke2 68. h4 f3 69. Re7+ Kd2 70. Rf7 Ke2 71. h5 Nf6 72. Kxc5 Nxh5 73. Kd5 1/2-1/2

[Event "26th Troya Open 2018"]
[Site "Canakkale"]
[Date "2018.08.11"]
[Round "9.3"]
[White "Mgeladze, Tamaz"]
[Black "Semiev, Suhrab"]
[Result "1/2-1/2"]
[ECO "A29"]
[WhiteElo "2400"]
[BlackElo "2285"]
[Annotator "RC"]
[PlyCount "148"]
[EventDate "2018.08.06"]
[EventType "swiss"]
[EventCountry "TUR"]
[SourceTitle "playchess.com"]
[Source "ChessBase"]
[SourceQuality "1"]
[TimeControl "5400+30"]

1. c4 e5 2. g3 Nf6 3. Bg2 d5 4. cxd5 Nxd5 5. Nc3 Nb6 6. d3 Be7 7. Be3 O-O 8. Rc1 Kh8 9. Nf3 Nc6 10. O-O f5 11. a3 Be6 12. b4 a6 13. Na4 Nxa4 14. Qxa4 Bd5 15. Rfe1 f4 16. Bc5 Bd6 17. Nd2 Bxg2 18. Kxg2 Qe8 19. Ne4 Rd8 20. b5 Ne7 21. Qb4 Nd5 22. Qb3 Qf7 23. Kg1 axb5 24. Qxb5 Bxc5 25. Rxc5 c6 26. Qb2 Rde8 27. Nd6 Qe7 28. Rxd5 cxd5 29. Nxe8 Rxe8 30. Rb1 fxg3 31. hxg3 Rb8 32. Qb4 Qd7 33. Qb5 Qf7 34. Qc5 h6 35. Qd6 Rf8 36. f3 Re8 37. Rb4 Kh7 38. Kg2 d4 39. Rc4 Qe6 40. Qxe6 Rxe6 41. Rc7 b6 42. Rd7 Kg6 43. Kf2 Kf6 44. Rd5 g5 45. g4 Rc6 46. a4 Ke6 47. Rb5 Kd6 48. Ke1 Ke6 49. Kd2 Kd6 50. a5 bxa5 51. Rxa5 Rb6 52. Ra7 Rb2+ 53. Kd1 Rb6 54. Kc2 Kd5 55. Rd7+ Kc6 56. Rd8 Kc5 57. Rh8 Kd5 58. Kd2 Rb2+ 59. Ke1 Rb6 60. Kf2 Kc5 61. Rd8 Rb7 62. Ra8 Rb6 63. Rd8 Rb7 64. Ke1 Rb6 65. Kd2 Rb2+ 66. Kd1 Rb7 67. Kc2 Rb6 68. Rd7 Kc6 69. Ra7 Kc5 70. Ra2 Kd5 71. Kd2 Kc5 72. Kc2 Kd5 73. Ra5+ Kd6 74. Ra7 Kc5 1/2-1/2

[Event "26th Troya Open 2018"]
[Site "Canakkale"]
[Date "2018.08.11"]
[Round "9.4"]
[White "Guseynov, Alihan"]
[Black "Laciner, Kerem"]
[Result "1-0"]
[ECO "A34"]
[WhiteElo "2329"]
[BlackElo "2240"]
[Annotator "NA"]
[PlyCount "99"]
[EventDate "2018.08.06"]
[EventType "swiss"]
[EventCountry "TUR"]
[SourceTitle "playchess.com"]
[Source "ChessBase"]
[SourceQuality "1"]
[TimeControl "5400+30"]

1. Nf3 Nf6 2. c4 c5 3. Nc3 d5 4. cxd5 Nxd5 5. e4 Nxc3 6. dxc3 Qxd1+ 7. Kxd1 Nc6 8. Be3 e6 9. Kc2 Bd7 10. Be2 f6 11. h4 Rd8 12. a4 Bd6 13. Rhd1 Ke7 14. a5 {[%emt 0:10:11] ˜} b6 {[%emt 0:02:00] 9} 15. axb6 {[%emt 0:00:58] ˜} axb6 {[%emt 0:00:00] 1} 16. Ra6 {[%emt 0:05:44] ˜} Rb8 {[%emt 0:03:00] ]} 17. e5 {[%emt 0:03:46] ˜ [%clk 0:00:45]} Nxe5 18. Nxe5 Bxe5 19. Ra7 Rhd8 20. Bb5 Bd6 21. Rda1 Rbc8 22. Kb3 Rc7 23. Kc4 Rb8 24. Bxd7 Kxd7 25. Kb5 f5 26. Rxc7+ Kxc7 27. Ra7+ Rb7 28. Ra8 Be5 29. h5 h6 30. f3 Bf6 31. Rf8 Kd7 32. Rf7+ Kc8 33. Rf8+ Kd7 34. Ka6 Kc6 35. Rc8+ Rc7 36. Rb8 Kd5 37. Kb5 Rc6 38. c4+ Kd6 39. Rxb6 Rxb6+ 40. Kxb6 Bd4 41. Bxd4 cxd4 42. c5+ Ke5 43. c6 d3 44. c7 d2 45. c8=Q d1=Q 46. Qc3+ Qd4+ 47. Kc6 Qxc3+ 48. bxc3 Kf4 49. Kd6 e5 50. g3+ 1-0

[Event "26th Troya Open 2018"]
[Site "Canakkale"]
[Date "2018.08.11"]
[Round "9.6"]
[White "Yerden, Huseyin Eren"]
[Black "Lomsadze, Davit"]
[Result "0-1"]
[ECO "A42"]
[WhiteElo "2051"]
[BlackElo "2352"]
[Annotator "NA"]
[PlyCount "72"]
[EventDate "2018.08.06"]
[EventType "swiss"]
[EventCountry "TUR"]
[SourceTitle "playchess.com"]
[Source "ChessBase"]
[SourceQuality "1"]
[TimeControl "5400+30"]

1. d4 g6 2. c4 Bg7 3. g3 d6 4. Bg2 Nd7 5. Nc3 e5 6. Nf3 Ne7 7. O-O O-O 8. e4 exd4 9. Nxd4 Nc6 10. Nxc6 bxc6 11. Qc2 Rb8 12. b3 a5 13. Bb2 c5 14. f4 Bd4+ 15. Kh1 Nb6 16. Rad1 c6 17. f5 Qe7 18. f6 Qe5 19. Rxd4 cxd4 20. Ne2 c5 21. Qd2 Kh8 22. Qh6 Rg8 23. Nf4 Bb7 24. Nd3 Qe6 25. Rf4 g5 26. Bh3 Bxe4+ 27. Kg1 Bf5 28. Nf2 g4 29. Bf1 Rg6 30. Qh4 Nd7 31. Qh5 Rxf6 32. h3 Bg6 33. Qg5 Qe3 34. Kg2 Rxf4 35. gxf4 gxh3+ 36. Kg1 h2+ 0-1

[Event "26th Troya Open 2018"]
[Site "Canakkale"]
[Date "2018.08.11"]
[Round "9.7"]
[White "Olcum, Ahmet"]
[Black "Aliyev, Elnur"]
[Result "1-0"]
[ECO "C41"]
[WhiteElo "2274"]
[BlackElo "2190"]
[Annotator "NA"]
[PlyCount "65"]
[EventDate "2018.08.06"]
[EventType "swiss"]
[EventCountry "TUR"]
[SourceTitle "playchess.com"]
[Source "ChessBase"]
[SourceQuality "1"]
[TimeControl "5400+30"]

1. d4 d6 2. e4 Nf6 3. Nc3 e5 4. Nge2 exd4 5. Nxd4 Be7 6. g3 O-O 7. Bg2 Bg4 8. f3 Bd7 9. O-O Nc6 10. Nde2 a5 11. h3 Re8 12. f4 Bf8 13. g4 Nb4 14. g5 Nh5 15. a3 Na6 16. Bf3 g6 17. Bxh5 gxh5 18. Nd5 Bg7 19. Ng3 c6 20. Nf6+ Bxf6 21. gxf6 Qxf6 22. Nxh5 Qh4 23. Rf3 d5 24. Rg3+ Kf8 25. f5 f6 26. Bh6+ Ke7 27. Rg7+ Kd8 28. exd5 c5 29. Qg4 Re1+ 30. Rxe1 Qxe1+ 31. Kg2 Qe5 32. Nxf6 Bxf5 33. Rd7+ 1-0

[Event "26th Troya Open 2018"]
[Site "Canakkale"]
[Date "2018.08.11"]
[Round "9.8"]
[White "Can, Melih Kaan"]
[Black "Sayber, Zeki"]
[Result "1-0"]
[ECO "B08"]
[WhiteElo "2183"]
[BlackElo "1984"]
[Annotator "NA"]
[PlyCount "51"]
[EventDate "2018.08.06"]
[EventType "swiss"]
[EventCountry "TUR"]
[SourceTitle "playchess.com"]
[Source "ChessBase"]
[SourceQuality "1"]
[TimeControl "5400+30"]

1. e4 d6 2. d4 Nf6 3. Nc3 g6 4. Nf3 Bg7 5. h3 O-O 6. Bd3 Nc6 7. O-O e5 8. d5 Ne7 9. a4 c6 10. dxc6 bxc6 11. Re1 a5 12. b3 Be6 13. Ba3 Qd7 14. Bf1 Rfd8 15. Qd2 h6 16. Rad1 Ne8 17. Qc1 Qc7 18. Bc4 Bxc4 19. bxc4 Rd7 20. c5 Rad8 21. cxd6 Nxd6 22. Bxd6 Rxd6 23. Rxd6 Rxd6 24. Qa3 f6 25. Qc5 Qd8 26. Rb1 1-0

[Event "26th Troya Open 2018"]
[Site "Canakkale"]
[Date "2018.08.11"]
[Round "9.9"]
[White "Soyunlu, Narmin"]
[Black "Al Shabibi, Mohammed Sultan"]
[Result "0-1"]
[ECO "A41"]
[WhiteElo "2061"]
[BlackElo "1382"]
[Annotator "NA"]
[PlyCount "55"]
[EventDate "2018.08.06"]
[EventType "swiss"]
[EventCountry "TUR"]
[SourceTitle "playchess.com"]
[Source "ChessBase"]
[SourceQuality "1"]
[TimeControl "5400+30"]

1. d4 c6 2. c4 d6 3. Nf3 Nd7 4. Nc3 e5 5. e4 a5 6. g3 Be7 7. Bg2 Ngf6 8. O-O O-O 9. Re1 Re8 10. h3 Bf8 11. Be3 exd4 12. Nxd4 Nc5 13. Qc2 Qe7 14. Rad1 Qe5 15. Bf4 Qh5 16. g4 Qg6 17. Nf5 h5 18. Nh4 Qh7 19. g5 Ne6 20. Be3 Nd7 21. Nf5 Ne5 22. Ne2 Nc7 23. Bb6 Na6 24. Bxa5 Nc5 25. Bc7 Ne6 26. Bxd6 Nxg5 27. Bxe5 Rxe5 28. Rd8 0-1

[Event "26th Troya Open 2018"]
[Site "Canakkale"]
[Date "2018.08.11"]
[Round "9.11"]
[White "Gokbulut, Julia"]
[Black "Sahin, Handenur"]
[Result "0-1"]
[ECO "D23"]
[WhiteElo "2076"]
[BlackElo "1984"]
[Annotator "NA"]
[PlyCount "46"]
[EventDate "2018.08.06"]
[EventType "swiss"]
[EventCountry "TUR"]
[SourceTitle "playchess.com"]
[Source "ChessBase"]
[SourceQuality "1"]
[TimeControl "5400+30"]

1. d4 d5 2. Nf3 Nf6 3. c4 c6 4. Qb3 dxc4 5. Qxc4 Bg4 6. Nc3 Nbd7 7. e4 e6 8. Be3 Rc8 9. Qd3 Be7 10. Nd2 c5 11. h3 Bh5 12. g4 cxd4 13. Bxd4 e5 14. Bxa7 Bg6 15. Be3 O-O 16. f3 Qc7 17. g5 Nh5 18. Nd5 Qd8 19. Rg1 Bc5 20. b4 Bxe3 21. Qxe3 Nf4 22. Nxf4 exf4 23. Qxf4 Qb6 0-1

[Event "26th Troya Open 2018"]
[Site "Canakkale"]
[Date "2018.08.11"]
[Round "9.12"]
[White "Yordanova, Svetla"]
[Black "Buke, Furkan"]
[Result "0-1"]
[ECO "A37"]
[WhiteElo "2116"]
[BlackElo "1925"]
[Annotator "ChessBase"]
[PlyCount "138"]
[EventDate "2018.08.06"]
[EventType "swiss"]
[EventCountry "TUR"]
[SourceTitle "playchess.com"]
[Source "ChessBase"]
[SourceQuality "1"]
[TimeControl "5400+30"]

1. Nf3 c5 2. c4 g6 3. Nc3 Bg7 4. g3 Nc6 5. Bg2 e6 6. O-O Nge7 7. d3 O-O 8. Bd2 d6 9. Rb1 b6 10. a3 Bb7 11. b4 Qd7 12. Ne1 Rac8 13. Nc2 Nf5 14. Ne3 Nxe3 15. fxe3 Ne5 16. e4 f5 17. Qb3 Ba8 18. h3 Kh8 19. Kh2 fxe4 20. Bxe4 Bxe4 21. Nxe4 d5 22. cxd5 exd5 23. Nf2 c4 24. dxc4 dxc4 25. Qc2 c3 26. Bf4 Nc4 27. Rbd1 Qc6 28. Ng4 h5 29. b5 Qe6 30. Nf2 Rxf4 31. gxf4 Ne3 32. Qd3 c2 33. Rg1 cxd1=Q 34. Nxd1 Nxd1 35. Rxg6 Qf7 36. f5 Qc7+ 37. Kg2 Qf4 38. Qxd1 Qe4+ 39. Kh2 Be5+ 40. Kg1 Bd4+ 41. Kh2 Qe5+ 42. Kh1 Qd5+ 43. Rg2 Qc5 44. Rg5 Qc1 45. Rxh5+ Kg7 46. Qxc1 Rxc1+ 47. Kg2 Rc3 48. e4 Rxa3 49. Rg5+ Kf7 50. Rg3 Rxg3+ 51. Kxg3 Kf6 52. Kf4 Be5+ 53. Kg4 Bd6 54. h4 Bf8 55. Kh5 Bg7 56. Kg4 Bh6 57. e5+ Kxe5 58. Kh5 Bg7 59. Kg6 Bf6 60. h5 Bh8 61. Kg5 Kd6 62. Kg6 Ke7 63. h6 Be5 64. Kh5 Kf7 65. Kg5 Bf6+ 66. Kh5 Bc3 67. Kg5 Bd2+ 68. Kh5 Bxh6 69. Kxh6 Kf6 0-1

[Event "26th Troya Open 2018"]
[Site "Canakkale"]
[Date "2018.08.11"]
[Round "9.13"]
[White "Ceylan, Arda"]
[Black "Kocakaplan, Emre"]
[Result "0-1"]
[ECO "A77"]
[WhiteElo "1617"]
[BlackElo "1591"]
[Annotator "NA"]
[PlyCount "98"]
[EventDate "2018.08.06"]
[EventType "swiss"]
[EventCountry "TUR"]
[SourceTitle "playchess.com"]
[Source "ChessBase"]
[SourceQuality "1"]
[TimeControl "5400+30"]

1. d4 Nf6 2. Nf3 e6 3. c4 c5 4. d5 exd5 5. cxd5 d6 6. Nc3 g6 7. e4 Bg7 8. Be2 O-O 9. O-O Re8 10. Nd2 a6 11. a4 Nbd7 12. Qc2 Ne5 13. f4 Neg4 14. Nf3 Qe7 15. e5 dxe5 16. h3 e4 17. hxg4 exf3 18. gxf3 Nxg4 19. fxg4 Bd4+ 20. Kg2 Bxc3 21. bxc3 Qxe2+ 22. Qxe2 Rxe2+ 23. Kg3 Bd7 24. Ba3 c4 25. a5 Rae8 26. Rab1 Rc2 27. Bb4 Ree2 28. g5 Rg2+ 29. Kf3 Rce2 30. f5 Bxf5 31. d6 {[%emt 0:04:00] ˜} Bxb1 {[%emt 0:04:30] 0} 32. Rxb1 {[%emt 0:00:19] ˜} Rd2 {[%emt 0:01:30] 1} 33. Kf4 {[%emt 0:04:48] ˜} Rgf2+ {[%emt 0:01:30] 3} 34. Kg4 f5+ 35. Kg3 Rfe2 36. Kf3 Re5 37. Kf4 Re4+ 38. Kf3 Rd3+ 39. Kf2 Re5 40. Rh1 f4 41. Rh4 Rxg5 42. Ke1 Re5+ 43. Kf2 g5 44. Rh6 Kg7 45. Rh1 g4 46. Rb1 g3+ 47. Kg2 Re2+ 48. Kh3 h5 49. Kh4 Kg6 0-1